[Event "FIDE WCCC U10 2018"]
[Site "Santiago de Compostela"]
[Date "2018.11.05"]
[Round "2"]
[White "seder mohamad"]
[Black "Xue, Haowen"]
[Result "1/2-1/2"]
[ECO "B24"]
[WhiteElo "1653"]
[BlackElo "2025"]
[Annotator "NA RC"]
[PlyCount "36"]
[EventDate "2018.11.04"]
[EventType "swiss"]
[EventCountry "ESP"]
[SourceTitle "playchess.com"]
[Source "ChessBase"]
[SourceQuality "1"]
[TimeControl "40/5400+30:1800+30"]

1. e4 c5 2. Nc3 Nc6 3. g3 g6 4. Bg2 Bg7 5. d3 e6 6. f4 Nge7 7. Nf3 O-O 8. O-O d6 9. Be3 Nd4 10. Bf2 Nec6 11. Nxd4 {[%emt 0:01:21] LiveBook: 40 Games} Nxd4 12. e5 Bd7 {[%emt 0:17:08] B25: Sizilianisch (Geschlossenes System)} (12... dxe5 $11 13. fxe5 Rb8 (13... Bxe5 14. Ne4 Bg7 15. c3 Nf5 16. Nxc5 Qc7 17. d4 Rb8 18. g4 Nd6 19. Nd3 b6 20. Bg3 Rd8 21. Ne5 Bb7 22. Qe2 Bxg2 23. Qxg2 Bxe5 24. Bxe5 {1-0 (32) Muzychuk,A (2560)-Lagno,K (2543) Khanty-Mansiysk 2014})) 13. Ne4 ({Much weaker is} 13. Bxb7 Rb8 $17) 13... dxe5 14. c3 $146 ({Much worse is} 14. Nxc5 Bc6 $15) ({Vorgänger:} 14. fxe5 Bc6 15. c3 Nf5 16. Bxc5 Re8 17. Nd6 Bxg2 18. Kxg2 b6 19. Nxf5 exf5 20. Bd6 Bxe5 21. Bxe5 Rxe5 22. Qf3 Qe8 23. Rae1 Rxe1 24. Rxe1 Qxe1 25. Qxa8+ Kg7 26. Qd5 {½-½ (27) Iseringhausen,M (1942)-Zeldin,L (2066) Kranenburg 2008}) 14... Nc6 (14... Nf5 $14) 15. Bxc5 f5 16. Bxf8 Bxf8 17. Nd2 Qc7 18. Qb3 $14 (18. Nc4 $16) 18... Bh6 1/2-1/2

[Event "FIDE WCCC U10 2018"]
[Site "Santiago de Compostela"]
[Date "2018.11.05"]
[Round "2"]
[White "Horcajuelo Rocamora, Martin"]
[Black "Mardov, Dimitar"]
[Result "0-1"]
[ECO "B90"]
[WhiteElo "1647"]
[BlackElo "1985"]
[Annotator "NA RC"]
[PlyCount "120"]
[EventDate "2018.11.04"]
[EventType "swiss"]
[EventCountry "ESP"]
[SourceTitle "playchess.com"]
[Source "ChessBase"]
[SourceQuality "1"]
[TimeControl "40/5400+30:1800+30"]

1. e4 c5 2. Nf3 d6 3. d4 cxd4 4. Nxd4 Nf6 5. Nc3 a6 6. Be3 e6 7. g3 Be7 8. Bg2 O-O 9. O-O Qc7 10. f4 {[%emt 0:00:31] B80: Sizilianisch (Scheveninger System)} (10. g4 Re8 11. g5 Nfd7 12. f4 Bf8 13. h4 Nc6 14. h5 Nxd4 15. Qxd4 b5 16. Rad1 Bb7 17. Qd2 Rad8 18. Qf2 {0-1 (36) Muzychuk,M (2554)-Bruzon Batista,L (2666) Gibraltar 2016}) 10... Nbd7 {[%emt 0:02:28] LiveBook: 3 Games [#]} 11. Qe2 (11. g4 $1 $16) 11... Nb6 12. Qd3 $146 ({Vorgänger:} 12. Kh1 Re8 13. g4 Bf8 14. g5 Nfd7 15. Rad1 Nc4 16. Bc1 b5 17. Qf2 b4 {1-0 (34) Popovic,P (2545)-Ilincic,Z (2565) Cacak 1995}) 12... Nc4 13. Bc1 Bd7 14. b3 Na5 15. Nce2 Rac8 16. c4 b5 17. cxb5 axb5 18. Be3 Ng4 19. Rac1 Qb8 20. Bd2 Nb7 21. h3 ({White should play} 21. b4 $16) 21... Nc5 22. Qb1 Nf6 23. b4 Na4 $1 24. Nc3 $2 (24. g4 $15) 24... Qa7 25. Be3 $2 (25. Nce2 e5 26. Be3 exd4 27. Bxd4) 25... Nxc3 26. Qb3 Qc7 ({Auf keinen Fall} 26... Nfxe4 27. Bxe4 Bf6 28. Rxc3 $19) ({Nicht} 26... Ncxe4 {[#]} 27. Nf5 $1 $11 ) ({Weniger gut wäre} 26... Qxa2 27. Rxc3 Qxb3 28. Rxb3 $17) (26... Nxa2 27. Rxc8 Bxc8 28. Ra1 $15) 27. Bd2 e5 ({Finger weg von} 27... Nfxe4 28. Bxe4 Nxe4 29. Rxc7 $17) (27... Qb6 $19 {und Schwarz behält klar die Oberhand.} 28. Bxc3 e5) 28. fxe5 $2 (28. Nf5 $17 Bxf5 29. Rxc3 Qa7+ 30. Be3 Rxc3 31. Qxc3 Nxe4 32. Bxe4) 28... dxe5 29. Nf5 Bxf5 30. Rxc3 Qd6 31. Rd3 Be6 32. Rxd6 Bxb3 33. Rdxf6 Bxf6 34. axb3 Rc2 35. Be3 Be7 36. Rd1 Bxb4 37. Rd5 Re2 38. Bf2 Bc3 39. Bf3 (39. Bf1 $142 Rb2 40. Bxb5) 39... Rb2 40. Rxb5 Bd4 41. Bxd4 exd4 42. Rd5 Rxb3 43. Kf2 Rb4 44. Rc5 Rd8 45. Rc1 Rb2+ 46. Ke1 g6 47. Rd1 d3 48. Rd2 Rxd2 49. Kxd2 Kg7 50. Bg2 Ra8 51. Bf1 Ra2+ (51... Ra1 $142 52. Bxd3 Rg1) 52. Kxd3 Ra3+ 53. Ke2 Rxg3 54. Kf2 Ra3 55. Bg2 Kf6 56. Bf3 Ke5 57. Kg3 Re3 58. Kg4 h5+ 59. Kg3 {[%emt 0:00:08] [#]} h4+ 60. Kg4 f5+ 0-1

[Event "FIDE WCCC U10 2018"]
[Site "Santiago de Compostela"]
[Date "2018.11.05"]
[Round "2"]
[White "Orujov, Farid"]
[Black "Volkov, Maksim"]
[Result "1-0"]
[ECO "C18"]
[WhiteElo "1643"]
[BlackElo "1971"]
[Annotator "NA RC"]
[PlyCount "60"]
[EventDate "2018.11.04"]
[EventType "swiss"]
[EventCountry "ESP"]
[SourceTitle "playchess.com"]
[Source "ChessBase"]
[SourceQuality "1"]
[TimeControl "40/5400+30:1800+30"]

1. e4 e6 2. d4 d5 3. Nc3 Bb4 4. e5 c5 5. a3 Bxc3+ 6. bxc3 Qa5 7. Bd2 Qa4 8. Qg4 g6 9. Ra2 (9. Nf3 $14) 9... Nc6 10. Nf3 b6 {[%emt 0:05:54] LiveBook: 4 Games C18: French: 3 Nc3 Bb4: Main line: 7 h4 and 7 Qg4} (10... Bd7 11. Qf4 h6 12. h4 Na5 13. Bd3 Nc4 14. dxc5 Nxd2 15. Qxd2 Rc8 16. h5 g5 17. Nd4 Qa5 18. f4 Qxc5 19. fxg5 hxg5 20. Qxg5 Qxc3+ {½-½ (50) Ter Sahakyan,S (2567)-Rapport,R (2605) Athens 2012}) 11. h4 (11. Qf4 $11) 11... h5 (11... Ba6 $15) 12. Qf4 Nce7 $146 ({Predecessor:} 12... Ba6 13. Ng5 Nd8 14. Bd3 Bxd3 15. cxd3 Rc8 16. O-O c4 17. dxc4 Rxc4 18. Rb1 {1-0 (53) Schwarhofer,C (2236)-Neuer,T (2090) Latschach 2010}) 13. Ng5 Nf5 14. f3 Ba6 15. Bxa6 Qxa6 16. g4 Nfh6 $1 17. Rg1 Qc4 18. Rb2 Rc8 19. Kf2 $11 {[%emt 0:28:18] remains equal.} Qa4 20. Rb3 Qc4 (20... cxd4 $1 $15 21. Rc1 Rc4) 21. gxh5 gxh5 22. Nxe6 fxe6 23. Rg7 Nf5 24. Rxa7 Nge7 25. Rxb6 Kf7 $2 26. Qg5 Rhg8 27. Qxh5+ $2 (27. Qf6+ {mates} Ke8 28. Bg5 Kd8 {[#]} 29. Rd6+ $1 Ke8 30. Rxe7+ Nxe7 31. Qxe7#) 27... Rg6 28. Qh7+ Rg7 29. Qh5+ Kg8 {[%emt 0:04:07] [#]} 30. Bh6 $2 (30. Rxe7 $1 $11 Rxe7 (30... Nxe7 31. Rxe6) 31. Qg6+ Ng7 32. h5) 30... Ng3 $19 1-0

[Event "FIDE WCCC U10 2018"]
[Site "Santiago de Compostela"]
[Date "2018.11.05"]
[Round "2"]
[White "Perossa, Nicolas"]
[Black "Zhao, Erick"]
[Result "0-1"]
[ECO "B43"]
[WhiteElo "1634"]
[BlackElo "1957"]
[Annotator "NA RC"]
[PlyCount "98"]
[EventDate "2018.11.04"]
[EventType "swiss"]
[EventCountry "ESP"]
[SourceTitle "playchess.com"]
[Source "ChessBase"]
[SourceQuality "1"]
[TimeControl "40/5400+30:1800+30"]

1. e4 c5 2. Nf3 e6 3. d4 cxd4 4. Nxd4 a6 5. Nc3 Qc7 6. a3 Nf6 7. f4 d6 {[%emt 0:01:03] B43: Sicilian: Kan Variation: 5 Nc3} 8. Be3 {[%emt 0:02:34] LiveBook: 4 Games} (8. g4 h6 9. g5 hxg5 10. fxg5 Nh5 11. g6 Ng3 12. Rg1 Nxf1 13. gxf7+ Qxf7 14. Rxf1 Qg6 15. Nf3 {½-½ (29) Popov,I (2652)-Papin,V (2510) Chennai 2013}) 8... Nbd7 9. Bd3 b6 (9... Nc5 $11) 10. Qe2 (10. g4 $16) 10... Bb7 11. Bf2 $146 ({Predecessor:} 11. f5 e5 12. Nb3 Be7 13. g4 d5 14. exd5 Nxd5 15. Nxd5 Bxd5 {0-1 (44) Bogad,P (1974)-Leinfellner,H (2031) Salzburg 2004}) 11... Be7 12. O-O O-O 13. Rae1 Nc5 14. Bh4 Nfxe4 (14... Rad8 $11) 15. Bxe7 Nxc3 {[%emt 0:01:05] [#]} 16. Bxh7+ $1 Kxh7 17. Qh5+ Kg8 18. Bxf8 Rxf8 19. bxc3 Ne4 20. Re3 Qc5 21. Qh3 ({White should play} 21. Qxc5 $16 dxc5 22. Nf3) 21... Qd5 $2 {[%emt 0:04:46] [#]} (21... b5 $11) 22. Nf3 $2 (22. f5 $1 $18) 22... f6 $2 {[%emt 0:04:34] [#]} (22... Rc8 $11 {and Black is okay.}) 23. Rfe1 $1 Nc5 24. Nd4 Bc8 25. Qh4 ({Resist} 25. Nxe6 $6 Nxe6 26. Rxe6 Bxe6 $16) (25. Qg4 $18) 25... e5 26. fxe5 (26. f5 $16) 26... dxe5 27. Nf3 Bf5 28. Qb4 Rb8 $2 {[%emt 0:00:39] [#]} (28... Qd6 $14) 29. c4 $2 (29. Nxe5 $1 $18 Be4 (29... fxe5 30. Rxe5) 30. Nf3 (30. Rxe4 Nxe4 31. Rxe4 fxe5 $16)) 29... Qd6 30. Qc3 Rd8 31. h3 Qc6 32. Nh4 Bh7 33. Qb2 Rd2 34. R1e2 Rd1+ 35. Kh2 (35. Re1 $11 {was the only way to keep the balance.} Rd6 36. Nf3) 35... Qd6 36. Qb4 Rd4 $2 ({Black should try} 36... g5 $19 37. Rg3 e4) 37. c3 Rxh4 38. Rg3 Rf4 39. Qb2 Bd3 40. Rd2 e4 41. Rf2 e3 42. Rxf4 Qxf4 43. Qxb6 Ne4 44. Qd8+ Kh7 45. Qxd3 Qxg3+ 46. Kg1 Qf2+ 47. Kh2 f5 48. Qd5 e2 49. Qf7 Qg3+ 0-1

[Event "FIDE WCCC U10 2018"]
[Site "Santiago de Compostela"]
[Date "2018.11.05"]
[Round "2"]
[White "Nesterenko, Kyrylo"]
[Black "Amgalantengis, Enkh-Amgalan"]
[Result "1-0"]
[ECO "D10"]
[WhiteElo "1616"]
[BlackElo "1918"]
[Annotator "NA RC"]
[PlyCount "85"]
[EventDate "2018.11.04"]
[EventType "swiss"]
[EventCountry "ESP"]
[SourceTitle "playchess.com"]
[Source "ChessBase"]
[SourceQuality "1"]
[TimeControl "40/5400+30:1800+30"]

1. d4 d5 2. c4 c6 3. cxd5 cxd5 4. Nc3 Nf6 5. Bf4 a6 6. e3 e6 7. Bd3 Nc6 8. Nf3 Bd6 9. Bxd6 Qxd6 10. O-O O-O {[%emt 0:00:15] LiveBook: 62 Games} 11. Rc1 Bd7 {[%emt 0:08:00] D13: Slav Defence: Exchange variation without ...Bf5} 12. Na4 Rad8 $146 ({Predecessor:} 12... Nb4 13. Bb1 Bxa4 14. Qxa4 Rfc8 15. Ne5 b5 16. Qa5 Ne8 17. Rxc8 Rxc8 18. a3 f6 19. axb4 fxe5 20. dxe5 Qxe5 21. Qxa6 {½-½ (40) Nakamura,H (2816)-Kamsky,G (2680) Las Vegas 2015}) 13. Nc5 Bc8 14. Qa4 e5 15. dxe5 Nxe5 16. Nxe5 Qxe5 17. Qd4 Qd6 18. f3 Rfe8 19. Rfe1 h6 20. b4 Nd7 21. a4 Ne5 22. Red1 Nc6 23. Qc3 d4 24. exd4 Qxd4+ 25. Qxd4 Nxd4 26. Kf2 Ne6 27. Be4 Nxc5 28. bxc5 Kf8 29. Rb1 Rxd1 30. Rxd1 Ke7 (30... f5 $11 {remains equal.} 31. Bc2 Ke7) 31. Rb1 Kd8 32. Bxb7 Kc7 33. Bxc8 Rxc8 34. Rb6 Ra8 35. Ke3 Re8+ 36. Kd3 Re6 37. Rxe6 fxe6 38. f4 Kc6 39. Kc4 g5 40. g3 a5 41. h4 gxh4 42. gxh4 h5 43. Kd4 1-0

[Event "FIDE WCCC U10 2018"]
[Site "Santiago de Compostela"]
[Date "2018.11.05"]
[Round "2"]
[White "Ermitsch, Magnus"]
[Black "Jin Yueheng"]
[Result "0-1"]
[ECO "B13"]
[WhiteElo "1611"]
[BlackElo "1914"]
[Annotator "NA RC"]
[PlyCount "80"]
[EventDate "2018.11.04"]
[EventType "swiss"]
[EventCountry "ESP"]
[SourceTitle "playchess.com"]
[Source "ChessBase"]
[SourceQuality "1"]
[TimeControl "40/5400+30:1800+30"]

1. e4 c6 2. d4 d5 3. exd5 cxd5 4. Bd3 Nc6 5. c3 Nf6 6. Bf4 Bg4 7. Qb3 Qc8 8. Nd2 e6 9. Ngf3 Be7 10. O-O O-O 11. h3 Bh5 12. Rfe1 {[%emt 0:01:34] B13: Caro-Kann: Exchange Variation and Panov-Botvinnik Attack} Bg6 13. Bxg6 hxg6 {[%emt 0:00:39] LiveBook: 22 Games} 14. Ne5 {[%emt 0:07:32] [#]} Na5 $146 ({Predecessor:} 14... Re8 15. a4 Nd7 16. Nxd7 Qxd7 17. Nf3 Rac8 {½-½ (17) Chigaev,M (2550)-Alekseev,E (2636) St Petersburg 2016}) 15. Qa4 Nc6 16. Ndf3 Nd7 17. Nd3 a6 18. b4 Nb6 19. Qb3 Nc4 20. a4 b6 21. b5 (21. g3 $11) 21... axb5 22. axb5 N6a5 23. Qd1 Na3 24. Bg5 Bd6 25. Bf4 Nxb5 26. Bxd6 Nxd6 27. Qc2 Qc7 28. Nf4 Ne4 29. Ne2 Rfc8 30. Rec1 Nc4 31. Ra2 Ncd6 32. Nd2 Nxd2 33. Qxd2 Ne4 34. Qb2 Rxa2 35. Qxa2 Qc4 36. Qb2 Ra8 37. Rc2 b5 38. f3 Nd6 39. Ng3 (39. Qc1 {war nötig.}) 39... Rc8 40. Nf1 $2 {[%emt 0:00:00] [#]} (40. Rc1) 40... b4 $19 0-1

[Event "FIDE WCCC U10 2018"]
[Site "Santiago de Compostela"]
[Date "2018.11.05"]
[Round "2"]
[White "Li Yihao"]
[Black "Uritsky, Yonathan"]
[Result "1/2-1/2"]
[ECO "B33"]
[WhiteElo "1601"]
[BlackElo "1902"]
[Annotator "NA RC"]
[PlyCount "92"]
[EventDate "2018.11.04"]
[EventType "swiss"]
[EventCountry "ESP"]
[SourceTitle "playchess.com"]
[Source "ChessBase"]
[SourceQuality "1"]
[TimeControl "40/5400+30:1800+30"]

1. e4 c5 2. Nf3 Nc6 3. d4 cxd4 4. Nxd4 Nf6 5. Nc3 e6 6. Ndb5 d6 7. Bf4 e5 8. Bg5 a6 9. Na3 b5 10. Nd5 Be7 11. Bxf6 Bxf6 12. c3 O-O 13. Nc2 Bg5 14. a4 bxa4 15. Rxa4 a5 16. Bc4 Rb8 17. b3 Ne7 {[%emt 0:02:16] B33: Sicilian: Pelikan and Sveshnikov Variations} (17... Kh8 18. Nce3 g6 19. h4 Bxh4 20. g3 Bg5 21. f4 exf4 22. gxf4 Bh4+ 23. Kf1 Be6 24. Ra2 f5 25. Rah2 g5 {½-½ (37) Yu,Y (2760)-Lenic,L (2662) chess.com INT 2018}) 18. Nce3 Kh8 19. Nxe7 Qxe7 20. Nd5 Qd8 21. O-O f5 22. exf5 {[%emt 0:00:15] LiveBook: 28 Games} Bxf5 23. Qe2 Bd7 24. Ra2 Ra8 25. Rfa1 Bc6 26. b4 $146 ({Predecessor:} 26. Qd3) 26... axb4 $1 27. Rxa8 Bxa8 28. cxb4 Bxd5 29. Bxd5 Qb6 30. b5 Qd4 31. Rd1 Qc5 (31... Rxf2 $5 32. Rxd4 Rxe2 $11) 32. Bf3 g6 33. Qd3 Rd8 34. Qd5 Rb8 35. Rb1 Bd8 $2 {[%emt 0:03:23] [#]} (35... Qxd5 $1 $11 {and Black is okay.} 36. Bxd5 Bd8) 36. Qf7 $1 Bg5 {[%emt 0:01:41] [#]} 37. b6 $1 Qc2 38. Re1 Qc3 39. Rd1 Qb4 {[%emt 0:04:28] [#]} 40. b7 $2 (40. h4 $1 $18 Bxh4 (40... Qxh4 41. b7) 41. b7) 40... e4 41. Bg4 Qxb7 $11 42. Qxb7 Rxb7 43. Rxd6 h5 44. Be2 Kg7 45. g3 Rb2 46. Kf1 Rb1+ 1/2-1/2

[Event "FIDE WCCC U10 2018"]
[Site "Santiago de Compostela"]
[Date "2018.11.05"]
[Round "2"]
[White "Lomtadze, Davit"]
[Black "Habans Aguerrea, Javier"]
[Result "1-0"]
[ECO "B40"]
[WhiteElo "1595"]
[BlackElo "1892"]
[Annotator "NA RC"]
[PlyCount "119"]
[EventDate "2018.11.04"]
[EventType "swiss"]
[EventCountry "ESP"]
[SourceTitle "playchess.com"]
[Source "ChessBase"]
[SourceQuality "1"]
[TimeControl "40/5400+30:1800+30"]

1. e4 c5 2. Nf3 e6 3. c3 Nf6 4. e5 Nd5 5. d4 cxd4 6. cxd4 b6 7. Bd2 Ba6 {[%emt 0:06:08] LiveBook: 3 Games B22: Sicilian: 2 c3} 8. Bxa6 (8. Nc3 Bxf1 9. Kxf1 Nxc3 10. Bxc3 Na6 11. d5 Nc7 12. d6 Nd5 13. h4 g6 14. h5 g5 15. h6 {1-0 (32) Fingerov,D (2405)-Bogdanovich,S (2464) Yuzhny 2010}) 8... Nxa6 9. O-O Be7 10. Qe2 Nac7 11. Nc3 Nxc3 12. bxc3 O-O 13. Rac1 $146 ({Predecessor:} 13. c4 d5 14. exd6 Bxd6 {½-½ (42) Kristensen,J (2325)-Tanggaard,H Norresundby 1992}) 13... Rc8 14. c4 Ba3 15. Rc2 d5 {[%emt 0:05:26] [#]} (15... Be7 $14) 16. exd6 (16. Qd3 $1 $16 Be7 17. c5) 16... Bxd6 17. c5 bxc5 18. dxc5 Nd5 19. Bg5 Be7 20. Bxe7 Qxe7 21. Rfc1 Rfd8 22. Qe4 h6 23. h3 Rc7 24. Ne5 Rdc8 25. Nd3 Qd7 26. Qd4 f6 27. Nf4 Nxf4 28. Qxf4 e5 29. Qc4+ Qf7 30. Qe4 Rc6 31. Qd3 Qe6 32. a4 f5 33. f3 a6 34. Kf2 Kf7 35. a5 Ke7 36. Qa3 Qd5 37. Qb4 Qd4+ 38. Qxd4 exd4 39. Ke2 Rd8 40. Kd3 Rd5 $1 41. f4 g5 (41... Kd7 $11 {remains equal.}) 42. g3 gxf4 43. gxf4 Kf7 44. Rc4 Ke7 45. Re1+ Kf7 46. Re5 Rxe5 47. fxe5 Ke6 48. Kxd4 Rc8 49. c6 f4 50. Ke4 f3 51. Kxf3 Kxe5 52. c7 Kf5 53. Rc5+ Kg6 54. Ke4 Kf6 55. Kd5 Kg5 56. Kd6+ Kh4 57. Kd7 Rg8 58. c8=Q Rg7+ 59. Kc6 h5 60. Qd8+ 1-0

[Event "FIDE WCCC U10 2018"]
[Site "Santiago de Compostela"]
[Date "2018.11.05"]
[Round "2"]
[White "Bakhrillaev, Bakhrom"]
[Black "Vetokhin, Savva"]
[Result "1/2-1/2"]
[ECO "B57"]
[WhiteElo "1587"]
[BlackElo "1874"]
[Annotator "NA RC"]
[PlyCount "102"]
[EventDate "2018.11.04"]
[EventType "swiss"]
[EventCountry "ESP"]
[SourceTitle "playchess.com"]
[Source "ChessBase"]
[SourceQuality "1"]
[TimeControl "40/5400+30:1800+30"]

1. e4 c5 2. Nf3 Nc6 3. d4 cxd4 4. Nxd4 Nf6 5. Nc3 d6 6. Bc4 Qb6 7. Nb3 e6 8. Be3 Qc7 9. O-O Be7 10. f4 O-O 11. Be2 {[%emt 0:02:21] LiveBook: 36 Games B57: Classical Sicilian: Sozin with 6...Qb6} Rd8 12. Bf3 Nd7 $146 ({Predecessor:} 12... d5 13. e5 Ne4 14. Nb5 Qb8 15. c3 b6 16. N5d4 Qc7 17. Nxc6 Qxc6 {0-1 (35) Korchmar,V (2253)-Epishin,V (2544) St Petersburg 2011}) 13. Qe2 a6 14. a4 b6 15. Nd4 Bb7 16. Qc4 Qc8 $1 17. Nxc6 Qxc6 18. Qxc6 Bxc6 19. Ne2 Nc5 20. b3 (20. Nc3 $11 {remains equal.}) 20... b5 (20... Bxe4 $17 21. Bxe4 Nxe4 22. Bxb6 Rdc8) 21. Nd4 Bd7 22. axb5 axb5 23. e5 d5 24. Be2 b4 25. Bb5 Bxb5 26. Nxb5 Ne4 27. Na7 Bf8 28. Ra5 $2 (28. Nc6 $11 {und Weiss steht sicher.}) 28... d4 29. Bf2 d3 30. cxd3 Rxd3 31. Rfa1 Rxb3 32. g3 Nxf2 33. Kxf2 Ra3 34. R5xa3 bxa3 35. Nb5 Ra5 36. Nc3 Ra8 37. Ke2 Rb8 38. Kd3 Rb2 39. Ra2 Rxa2 40. Nxa2 Bc5 41. Kc3 Bg1 42. Nc1 $1 $11 {[%emt 0:00:47] and White has nothing to worry.} Be3 (42... Bxh2 $142 43. Ne2 g5 44. fxg5 Kg7) 43. Nd3 Bg1 $2 (43... h5 $19 44. Ne1 {[#]} h4 $1 ) 44. h3 $2 {[%emt 0:00:09] [#]} Bd4+ $2 ({Black should play} 44... g5 $1 $19 45. fxg5 Bh2) 45. Kb3 Bb2 46. Nxb2 axb2 47. Kxb2 h5 48. Kc3 Kh7 49. Kd4 g6 50. g4 hxg4 $11 51. hxg4 Kg7 1/2-1/2